 Dungeon Crawl Stone Soup version 0.21-a0-344-g2144152 (webtiles) character file.

4438 Amnesiac the Destroyer (level 10, -5/74 HPs)
             Began as a Gnoll Conjurer on Oct 4, 2017.
             Was a Follower of Ashenzari.
             Slain by a hornet (16 damage)
             ... on level 8 of the Dungeon.
             The game lasted 00:19:48 (9771 turns).

Amnesiac the Destroyer (Gnoll Conjurer)             Turns: 9771, Time: 00:19:49

Health: -5/74      AC:  3    Str: 10    XL:     10   Next: 36%
Magic:  6/20       EV: 17    Int: 21    God:    Ashenzari [*.....]
Gold:   483        SH:  5    Dex: 16    Spells: 2/23 levels left

rFire    . . .     SeeInvis .   W - +1 dagger (elec)
rCold    . . .     Gourm    .   M - +0 buckler
rNeg     . . .     Faith    +   a - +0 robe
rPois    .         Spirit   .   (no helmet)
rElec    .         Reflect  .   (no cloak)
rCorr    .         Harm     .   (no gloves)
MR       .....                  I - +0 pair of boots
Stlth    +++.......             B - amulet of faith
HPRegen  0.22/turn              (no ring)
MPRegen  0.17/turn              (no ring)

@: very slightly contaminated
A: distributed training, fangs 1, strong nose
a: Curse Item, Scrying, Renounce Religion


You were on level 8 of the Dungeon.
You worshipped Ashenzari.
Ashenzari was aware of your devotion.
You were hungry.

You visited 2 branches of the dungeon, and saw 9 of its levels.

You collected 483 gold pieces.

Inventory:

Hand Weapons
 y - a +0 longbow
 L - a +3 spear of venom
 N - a +0 dagger of venom
 U - the +9 hand axe "Awafaag" {drain, MR+++ MP+9 Str-5 SInv}
   (You found it on level 8 of the Dungeon)

   A truly terrible weapon, it drains the life of those it strikes.
   It affects your strength (-5).
   It affects your resistance to hostile enchantments.
   It affects your magic capacity (+9).
   It lets you see invisible.
 W - a +1 dagger of electrocution (weapon)
Missiles
 o - 6 needles of sleeping
 q - 4 throwing nets
 G - 143 arrows
 H - 18 poisoned needles
Armour
 a - a +0 robe (worn)
 I - a +0 pair of boots (worn)
 M - a +0 buckler (worn)
Jewellery
 B - an amulet of faith (around neck)
 R - an uncursed ring of positive energy
Wands
 t - a wand of polymorph (11/24)
 D - a wand of flame (33/48)
 T - a wand of digging (7/24)
Scrolls
 h - 4 scrolls of identify {!r}
 l - 2 scrolls of noise {!r, unknown}
 m - 2 scrolls of remove curse {!r}
 p - 2 scrolls of random uselessness {!r, unknown}
 r - a scroll of recharging {!r, unknown}
 s - 4 scrolls of teleportation {!r, unknown}
 w - a scroll of fear {!r}
 x - 3 scrolls of blinking {!r, unknown}
 z - a scroll of brand weapon {!r}
 C - a scroll of immolation {!r}
 J - a scroll of enchant armour {!r}
 S - a scroll of enchant weapon {!r, unknown}
 V - a scroll of amnesia {!r, unknown}
Potions
 b - 2 potions of haste {!q, unknown}
 d - 3 potions of degeneration {!q, unknown}
 e - a potion of flight {!q, unknown}
 g - a potion of cancellation {!q, unknown}
 i - a potion of invisibility {!q, unknown}
 j - 4 potions of curing {!q}
 u - 2 potions of ambrosia {!q, unknown}
 v - a potion of might {!q, unknown}
 A - 2 potions of lignification {!q, unknown}
 F - a potion of heal wounds {!q, unknown}
 O - a potion of mutation {!q, unknown}
 P - 2 potions of brilliance {!q, unknown}
 Q - a potion of magic {!q, unknown}
Comestibles
 c - 5 bread rations
 f - 2 meat rations
 n - 5 royal jellies
 K - 8 fruits


   Skills:
 + Level 5.1 Fighting
 + Level 5.1 Short Blades
 + Level 5.1 Long Blades
 + Level 5.1 Axes
 + Level 5.1 Maces & Flails
 + Level 5.1 Polearms
 + Level 5.1 Staves
 + Level 5.1 Slings
 + Level 5.1 Bows
 + Level 5.1 Crossbows
 + Level 5.1 Throwing
 + Level 5.1 Armour
 + Level 6.9 Dodging
 + Level 6.7 Stealth
 + Level 5.1 Shields
 + Level 5.1 Unarmed Combat
 + Level 7.2 Spellcasting
 + Level 9.9 Conjurations
 + Level 5.1 Hexes
 + Level 5.1 Charms
 + Level 5.1 Summonings
 + Level 5.1 Necromancy
 + Level 5.1 Translocations
 + Level 5.1 Transmutations
 + Level 5.1 Fire Magic
 + Level 5.1 Ice Magic
 + Level 5.1 Air Magic
 + Level 5.1 Earth Magic
 + Level 5.1 Poison Magic
 + Level 5.1 Invocations
 + Level 5.1 Evocations


You had 2 spell levels left.
You knew the following spells:

 Your Spells              Type           Power        Failure   Level  Hunger
a - Spectral Weapon       Hex/Chrm       ####....     3%          3    None
c - Force Lance           Conj/Tloc      #####...     3%          4    ###....
d - Magic Dart            Conj           ####         1%          1    None
e - Confuse               Hex            ####....     3%          3    None
r - Regeneration          Chrm/Necr      ####......   3%          3    None
s - Fulminant Prism       Conj/Hex       #####.....   3%          4    ###....
w - Tukima's Dance        Hex            ####....     3%          3    None


Dungeon Overview and Level Annotations

Branches:
Dungeon (8/15)             Temple (1/1) D:7
   Lair: D:8-11

Altars:
Ashenzari
Cheibriados
Elyvilon
Fedhas
Gozag
Hepliaklqana
Kikubaaqudgha
Makhleb
Nemelex Xobeh
Qazlal
Sif Muna
Trog
Vehumet
Wu Jian
Xom
Zin
The Shining One


Innate Abilities, Weirdness & Mutations

Your experience applies equally to all skills.
You have very sharp teeth.
Your uncanny sense of smell can sniff out nearby items.


Message History

The scorpion is severely wounded.
The scorpion stings you!
Casting: Fulminant Prism
Confirm with . or Enter, or press ? or * to list all spells.
Aiming: Fulminant Prism
Press: ? - help, Dir - move target cursor You miscast Fulminant Prism.
You are very lightly contaminated with residual magic.
Your skin glows momentarily.
You are feeling hungry.
The quokka skeleton completely misses you.
The scorpion completely misses you.
Casting: Fulminant Prism
Confirm with . or Enter, or press ? or * to list all spells.
Aiming: Fulminant Prism
Press: ? - help, Dir - move target cursor You conjure a prism of explosive energy!
The scorpion closely misses you. You block the quokka skeleton's attack.
You block the hornet's attack.
Your fulminant prism crackles loudly.
The hornet closely misses you.
The scorpion stings you but does no damage.
Your fulminant prism explodes!
The blast of energy engulfs you!
The blast of energy engulfs the scorpion.
You kill the scorpion!
The blast of energy engulfs the quokka skeleton.
You destroy the quokka skeleton!
Casting: Fulminant Prism
Confirm with . or Enter, or press ? or * to list all spells.
Aiming: Fulminant Prism
Press: ? - help, Dir - move target cursor You conjure a prism of explosive energy!
The hornet closely misses you. The hornet completely misses you.
Your fulminant prism crackles loudly.
The hornet stings you!
* * * LOW HITPOINT WARNING * * *
You feel yourself slow down.
Your fulminant prism explodes!
The blast of energy engulfs the hornet.
The hornet is heavily wounded.
Casting: Fulminant Prism
Confirm with . or Enter, or press ? or * to list all spells.
Aiming: Fulminant Prism
Press: ? - help, Dir - move target cursor You conjure a prism of explosive energy!
The hornet misses you. The hornet stings you!
* * * LOW HITPOINT WARNING * * *
You feel as though you will be slow longer.
The hornet closely misses you.
Your fulminant prism crackles loudly.
You feel yourself speed up.
Your fulminant prism explodes!
The blast of energy engulfs the hornet.
The hornet is severely wounded.
The hornet stings you!
* * * LOW HITPOINT WARNING * * *
You are lethally poisoned!
You feel yourself slow down.
Really quaff
j - 5 potions of curing {!q}?
You feel better.
You feel yourself speed up. The hornet stings you!
You die...

...#....#.##..........##...#.....
...#....#.##.........>##...#.....
...........#..........##...#.....
...#####...#..........##...#.....
...........##########.......#....
.........### ######.......###..
.........# #............#
....)....#######.)...........
.........#.....y@........##..
.........#..........###### #
.........#.........?#
.........#...†......#
##'#######..........# #.#
#.....[....# #.# #............
##.# #..........##
.#.#######.......####


You could see a hornet.

Vanquished Creatures
  A two-headed ogre (D:8)
  The ghost of Amnesiac the Slinger, a novice GnHu of Ashenzari (D:7)
  Grinder (D:4)
  Sigmund (D:4)
  The ghost of Amnesiac the Skirmisher, an amateur GnMo of Ashenzari (D:3)
  An orc warrior (D:7)
  A phantom (D:6)
  2 ice beasts
  3 ogres (D:7)
  3 centaurs
  A big kobold (D:5)
  2 bullfrogs (D:6)
  A scorpion (D:8)
  4 wights (D:7)
  2 howler monkeys
  3 crimson imps
  A centaur skeleton (D:7)
  2 bullfrog skeletons
  5 orc priests
  A hound (D:5)
  2 jellies (D:7)
  A gnoll shaman (D:6)
  3 iguanas
  8 orc wizards
  Natasha (thrice) (D:4)
  4 worker ants
  2 hound zombies
  2 hound skeletons
  3 worker ant zombies
  19 gnolls
  9 adders
  2 oozes
  An adder skeleton (D:4)
  3 worms
  2 dart slugs
  2 leopard geckos
  19 orcs
  A ball python (D:4)
  8 giant cockroaches
  11 goblins
  5 hobgoblins
  8 jackals
  6 quokkas
  8 bats
  7 frilled lizards
  13 kobolds
  3 quokka skeletons (D:8)
  12 rats
204 creatures vanquished.

Vanquished Creatures (others)
  31 fulminant prisms
31 creatures vanquished.

Grand Total: 235 creatures vanquished

Notes
Turn   | Place    | Note
-------+----------+-------------------------------------------
     0 | D:1      | Amnesiac the Gnoll Conjurer began the quest for the Orb.
     0 | D:1      | Reached XP level 1. HP: 13/13 MP: 6/6
   156 | D:1      | Reached XP level 2. HP: 19/19 MP: 4/7
   453 | D:3      | Noticed Amnesiac's ghost (amateur GnMo)
  1021 | D:4      | Reached skill level 5 in Spellcasting
  1021 | D:4      | Reached XP level 3. HP: 25/25 MP: 4/9
  1086 | D:4      | Noticed Natasha
  1089 | D:4      | Killed Natasha
  1089 | D:4      | Reached skill level 1 in Fighting
  1089 | D:4      | Reached skill level 1 in Short Blades
  1089 | D:4      | Reached skill level 1 in Long Blades
  1089 | D:4      | Reached skill level 1 in Axes
  1089 | D:4      | Reached skill level 1 in Maces & Flails
  1089 | D:4      | Reached skill level 1 in Polearms
  1089 | D:4      | Reached skill level 1 in Staves
  1089 | D:4      | Reached skill level 1 in Slings
  1089 | D:4      | Reached skill level 1 in Bows
  1089 | D:4      | Reached skill level 1 in Crossbows
  1089 | D:4      | Reached skill level 1 in Throwing
  1089 | D:4      | Reached skill level 1 in Armour
  1089 | D:4      | Reached skill level 1 in Shields
  1089 | D:4      | Reached skill level 1 in Unarmed Combat
  1089 | D:4      | Reached skill level 1 in Hexes
  1089 | D:4      | Reached skill level 1 in Charms
  1089 | D:4      | Reached skill level 1 in Summonings
  1089 | D:4      | Reached skill level 1 in Necromancy
  1089 | D:4      | Reached skill level 1 in Translocations
  1089 | D:4      | Reached skill level 1 in Transmutations
  1089 | D:4      | Reached skill level 1 in Fire Magic
  1089 | D:4      | Reached skill level 1 in Ice Magic
  1089 | D:4      | Reached skill level 1 in Air Magic
  1089 | D:4      | Reached skill level 1 in Earth Magic
  1089 | D:4      | Reached skill level 1 in Poison Magic
  1089 | D:4      | Reached skill level 1 in Invocations
  1089 | D:4      | Reached skill level 1 in Evocations
  1094 | D:4      | Reached XP level 4. HP: 32/32 MP: 1/11
  1102 | D:5      | Entered Level 5 of the Dungeon
  1108 | D:5      | Learned a level 4 spell: Fulminant Prism
  1176 | D:5      | Learned a level 4 spell: Force Lance
  1407 | D:4      | Reached XP level 5. HP: 24/37 MP: 3/12
  1622 | D:4      | Noticed Natasha
  1626 | D:4      | Killed Natasha
  1874 | D:4      | Found a glowing golden altar of the Shining One.
  1876 | D:4      | Found a bloodstained altar of Trog.
  1921 | D:4      | Noticed Sigmund
  1930 | D:4      | Killed Sigmund
  1930 | D:4      | Reached skill level 5 in Dodging
  1930 | D:4      | Reached XP level 6. HP: 44/44 MP: 1/14
  2036 | D:4      | Learned a level 3 spell: Confuse
  2142 | D:4      | Noticed Grinder
  2160 | D:4      | Killed Grinder
  2160 | D:4      | Reached XP level 7. HP: 25/51 MP: 5/15
  2582 | D:4      | Noticed Natasha
  2589 | D:4      | Killed Natasha
  2906 | D:5      | Found a hazy altar of Hepliaklqana.
  2933 | D:5      | Reached skill level 5 in Stealth
  2933 | D:5      | Reached skill level 9 in Conjurations
  3144 | D:5      | Reached XP level 8. HP: 57/57 MP: 12/16
  3735 | D:6      | Found a glowing golden altar of the Shining One.
  5366 | D:7      | Reached XP level 9. HP: 58/65 MP: 9/18
  5379 | D:7      | Noticed Amnesiac's ghost (novice GnHu)
  5918 | D:7      | Found a staircase to the Ecumenical Temple.
  5929 | Temple   | Entered the Ecumenical Temple
  5937 | Temple   | Became a worshipper of Ashenzari the Shackled
  6552 | D:7      | Killed Amnesiac's ghost
  7114 | D:7      | Found a snail-covered altar of Cheibriados.
  7428 | D:3      | Killed Amnesiac's ghost
  7428 | D:3      | Reached XP level 10. HP: 73/73 MP: 8/20
  7812 | D:2      | Found a bloodstained altar of Trog.
  8671 | D:3      | Reached * piety under Ashenzari
  9198 | D:8      | Got the hand axe "Awafaag" {drain, MR+++ MP+9 Str-5 SInv}
  9200 | D:8      | Identified the +9 hand axe "Awafaag" {drain, MR+++ MP+9 Str-5 SInv} (You found it on level 8 of the Dungeon)
  9339 | D:8      | Learned a level 3 spell: Spectral Weapon
  9343 | D:8      | Learned a level 3 spell: Regeneration
  9480 | D:8      | Learned a level 3 spell: Tukima's Dance
  9598 | D:8      | Noticed a two-headed ogre
  9614 | D:8      | Killed a two-headed ogre
  9614 | D:8      | Reached skill level 5 in Fighting
  9614 | D:8      | Reached skill level 5 in Short Blades
  9614 | D:8      | Reached skill level 5 in Long Blades
  9614 | D:8      | Reached skill level 5 in Axes
  9614 | D:8      | Reached skill level 5 in Maces & Flails
  9614 | D:8      | Reached skill level 5 in Polearms
  9614 | D:8      | Reached skill level 5 in Staves
  9614 | D:8      | Reached skill level 5 in Slings
  9614 | D:8      | Reached skill level 5 in Bows
  9614 | D:8      | Reached skill level 5 in Crossbows
  9614 | D:8      | Reached skill level 5 in Throwing
  9614 | D:8      | Reached skill level 5 in Armour
  9614 | D:8      | Reached skill level 5 in Shields
  9614 | D:8      | Reached skill level 5 in Unarmed Combat
  9614 | D:8      | Reached skill level 5 in Hexes
  9614 | D:8      | Reached skill level 5 in Charms
  9614 | D:8      | Reached skill level 5 in Summonings
  9614 | D:8      | Reached skill level 5 in Necromancy
  9614 | D:8      | Reached skill level 5 in Translocations
  9614 | D:8      | Reached skill level 5 in Transmutations
  9614 | D:8      | Reached skill level 5 in Fire Magic
  9614 | D:8      | Reached skill level 5 in Ice Magic
  9614 | D:8      | Reached skill level 5 in Air Magic
  9614 | D:8      | Reached skill level 5 in Earth Magic
  9614 | D:8      | Reached skill level 5 in Poison Magic
  9614 | D:8      | Reached skill level 5 in Invocations
  9614 | D:8      | Reached skill level 5 in Evocations
  9770 | D:8      | HP: 3/74 [hornet (15)]
  9771 | D:8      | Slain by a hornet

Vault maps used:
D:1:      dpeg_arrival_renting, minmay_pentomino_w4
D:2:      bloody_trog
D:3:      hangedman_glass_teeth
D:4:      minitemple, first_bread, kennysheep_generic_room_9, uniq_sigmund,
          uniq_grinder, uniq_natasha
D:5:      cheibrodos_thug_alley, kennysheep_mini
D:6:      grunt_decor_mini_mirrors, solitary_fountain, lemuel_statue_altar
D:7:      cheibrodos_worm_habitat, minmay_temple_entry_poolview
D:8:      nicolae_ru_sacrificial_ziggurat
Temple:   nicolae_temple_x_marks_the_god

Skill      XL: |  1  2  3  4  5  6  7  8  9 10 |
---------------+-------------------------------+-----
Spellcasting   | 5 6 7 |  7.2
Fighting       | 1 2 3 4 5 |  5.1
Short Blades   | 1 2 3 4 5 |  5.1
Long Blades    | 1 2 3 4 5 |  5.1
Axes           | 1 2 3 4 5 |  5.1
Maces & Flails | 1 2 3 4 5 |  5.1
Polearms       | 1 2 3 4 5 |  5.1
Staves         | 1 2 3 4 5 |  5.1
Slings         | 1 2 3 4 5 |  5.1
Bows           | 1 2 3 4 5 |  5.1
Crossbows      | 1 2 3 4 5 |  5.1
Throwing       | 1 2 3 4 5 |  5.1
Armour         | 1 2 3 4 5 |  5.1
Shields        | 1 2 3 4 5 |  5.1
Unarmed Combat | 1 2 3 4 5 |  5.1
Hexes          | 1 2 3 4 5 |  5.1
Charms         | 1 2 3 4 5 |  5.1
Summonings     | 1 2 3 4 5 |  5.1
Necromancy     | 1 2 3 4 5 |  5.1
Translocations | 1 2 3 4 5 |  5.1
Transmutations | 1 2 3 4 5 |  5.1
Fire Magic     | 1 2 3 4 5 |  5.1
Ice Magic      | 1 2 3 4 5 |  5.1
Air Magic      | 1 2 3 4 5 |  5.1
Earth Magic    | 1 2 3 4 5 |  5.1
Poison Magic   | 1 2 3 4 5 |  5.1
Invocations    | 1 2 3 4 5 |  5.1
Evocations     | 1 2 3 4 5 |  5.1
Dodging        | 5 6 |  6.9
Stealth        | 5 6 |  6.7
Conjurations   | 9 |  9.9

Action                   |  1- 3 |  4- 6 |  7- 9 | 10-12 || total
-------------------------+-------+-------+-------+-------++-------
Melee: Unarmed           |     2 |       |       |       ||     2
       Bite              |     1 |       |     8 |     6 ||    15
       Scythe            |       |    10 |    38 |       ||    48
       Spear             |       |       |    55 |    83 ||   138
       Punch             |       |       |     1 |       ||     1
       Dagger            |       |       |       |    17 ||    17
       Hand axe          |       |       |       |    14 ||    14
Throw: Stone             |       |       |     6 |       ||     6
 Cast: Magic Dart        |    54 |    82 |   242 |    67 ||   445
       Fulminant Prism   |       |     2 |    23 |     6 ||    31
       Confuse           |       |     2 |     7 |       ||     9
  Use: Potion            |       |       |     1 |     1 ||     2
       Scroll            |       |       |       |     4 ||     4
 Stab: Confused          |       |     2 |     1 |       ||     3
       Sleeping          |       |     1 |     3 |    12 ||    16
  Eat: Chunk             |       |     4 |    17 |     8 ||    29
       Fruit             |       |       |     2 |       ||     2
Armor: Robe              |       |     3 |    16 |     7 ||    26
Dodge: Dodged            |     9 |    30 |   132 |    74 ||   245
Block: Buckler           |       |       |     8 |    24 ||    32

Table legend:
 A = Spawn XP
 B = Non-spawn XP
 C = Spawn XP percentage of total XP
 D = Spawn monster count
 E = Non-spawn monster count
 F = Spawn count percentage of total count
 G = Total turns spent on level
                    A         B        C        D         E        F      G
               +---------+---------+-------+---------+---------+-------+---------
         Total |       0 |    6341 |   0.0 |       0 |     204 |   0.0 |  9771
               +---------+---------+-------+---------+---------+-------+---------
           D:1 |       0 |      52 |   0.0 |       0 |      28 |   0.0 |   813
           D:2 |       0 |     135 |   0.0 |       0 |      27 |   0.0 |   843
           D:3 |       0 |     250 |   0.0 |       0 |      19 |   0.0 |   904
           D:4 |       0 |     921 |   0.0 |       0 |      25 |   0.0 |  1570
           D:5 |       0 |     466 |   0.0 |       0 |      23 |   0.0 |  1714
           D:6 |       0 |     773 |   0.0 |       0 |      20 |   0.0 |  1272
           D:7 |       0 |    2268 |   0.0 |       0 |      33 |   0.0 |  1964
           D:8 |       0 |    1476 |   0.0 |       0 |      29 |   0.0 |   669
               +---------+---------+-------+---------+---------+-------+---------
